 Dungeon Crawl Stone Soup version 0.29-a0-1023-g6ae1a4a2c7 (webtiles) character file.

Game seed: 12327776917529859891

57927 Pooter the Severer (level 14, -8/117 HPs)
             Began as a Minotaur Monk on Aug 11, 2022.
             Was the Champion of Hepliaklqana.
             Mangled by a death yak (18 damage)
             ... on level 5 of the Lair of Beasts on Aug 12, 2022.
             The game lasted 02:21:45 (22258 turns).

Pooter the Severer (Minotaur Monk)                 Turns: 22258, Time: 02:21:45

Health: -8/117     AC: 25    Str: 21    XL:     14   Next: 47%
Magic:  20/20      EV:  6    Int:  7    God:    Hepliaklqana [******]
Gold:   814        SH:  0    Dex: 13    Spells: 13/13 levels left

rFire   + . .      SeeInvis +   q - +1 trident (freeze)
rCold   . . .      Faith    .   (no shield)
rNeg    . . .      Spirit   .   Y - +3 plate armour {rF+}
rPois   .          Reflect  .   V - +1 hat {SInv}
rElec   .          Harm     .   H - +0 cloak
rCorr   .          Rampage  .   e - +0 pair of gloves
Will    +....                   T - +0 pair of boots
Stlth   ..........              (no amulet)
HPRegen 0.29/turn               m - +4 ring of protection
MPRegen 0.17/turn               l - +4 ring of protection

@: mighty, invisible
A: reduced essence, horns 2, retaliatory headbutt
a: Renounce Religion, Recall Ancestor, Ancestor Identity, Transference, Idealise


You were on level 5 of the Lair of Beasts.
You worshipped Hepliaklqana.
Hepliaklqana was exalted by your worship.
You visited 4 branches of the dungeon, and saw 18 of its levels.
You also visited: Sewer, Bailey and Volcano.

You collected 1990 gold pieces.
You spent 1176 gold pieces at shops.

Inventory:

Hand Weapons
 a - a +9 battleaxe
   (You took it off a wight on level 9 of the Dungeon)
 b - a +0 sling
   (You took it off a goblin on level 2 of the Dungeon)
 q - a +1 trident of freezing (weapon)
   (You bought it in a shop on level 1 of the Dungeon)
 z - a +0 hand axe
 A - the +7 Throatcutter {drain, coup de grace}
   (You found it on level 7 of the Dungeon)

   A truly terrible weapon, it drains the life of any living foe it strikes.
   It may instantly kill foes which have little health.
 J - a +2 halberd of protection
   (You took it off a gnoll on level 5 of the Dungeon)
 K - a +1 war axe of draining
   (You took it off an orc on level 9 of the Dungeon)
Missiles
 v - 4 boomerangs (quivered)
 y - 17 poisoned darts
 L - 3 javelins
 Q - 172 stones
Armour
 e - a +0 pair of gloves (worn)
   (You found it on level 1 of the Dungeon)
 H - a +0 cloak (worn)
   (You took it off Maurice on level 9 of the Dungeon)
 M - a scarf of shadows
   (You found it on level 9 of the Dungeon)
 T - a +0 pair of boots (worn)
   (You found it on level 1 of the Dungeon)
 V - a +1 hat of see invisible (worn)
   (You took it off Gastronok on level 3 of the Lair of Beasts)
 Y - a +3 plate armour of fire resistance (worn)
   (You found it in a volcano)
Jewellery
 l - a +4 ring of protection (right hand)
   (You found it on level 8 of the Dungeon)
 m - a +4 ring of protection (left hand)
   (You found it on level 2 of the Dungeon)
 D - an amulet of faith {!P}
   (You found it on level 7 of the Dungeon)
 F - a ring of protection from fire
   (You found it on level 10 of the Dungeon)
 N - a ring of positive energy
   (You found it on level 3 of the Lair of Beasts)
Wands
 f - a wand of flame (18)
   (You found it in a sewer)
 I - a wand of polymorph (9)
   (You took it off Maurice on level 9 of the Dungeon)
 S - a wand of quicksilver (4)
   (You found it on level 2 of the Lair of Beasts)
Scrolls
 h - a scroll of torment {!r}
 i - 4 scrolls of identify {@r1}
 n - 2 scrolls of silence
 p - a scroll of vulnerability {!r}
 t - 4 scrolls of teleportation {@r4}
 u - a scroll of magic mapping
 x - 3 scrolls of amnesia
 B - 4 scrolls of immolation {!r}
 G - a scroll of noise {!r}
 O - 2 scrolls of summoning
 X - a scroll of enchant armour
 Z - a scroll of fear
Potions
 c - 2 potions of ambrosia
 d - 4 potions of haste {@q3}
 g - 3 potions of heal wounds {@q2}
 j - 5 potions of flight
 k - 2 potions of mutation {!q}
 o - a potion of resistance
 r - 3 potions of brilliance
 s - a potion of berserk rage
 w - 8 potions of curing {@q1}
 C - a potion of might
 E - a potion of lignification {!q}
 P - a potion of attraction {!q}
 W - 2 potions of cancellation {unknown}
Miscellaneous
 R - a box of beasts
   (You found it on level 10 of the Dungeon)


   Skills:
 + Level 13.8 Fighting
 - Level 3.6 Long Blades
 * Level 17.9(18.2) Axes
 - Level 6.0(13.1) Polearms
 + Level 13.6 Ranged Weapons
 - Level 3.2 Dodging
 - Level 1.5 Stealth
 + Level 9.9 Invocations
 - Level 5.1 Evocations


You had 13 spell levels left.
You didn't know any spells.
Your spell library contained the following spells:

 Spells                   Type           Power      Damage    Failure   Level
 Apportation              Tloc           0%         N/A       100%        1
 Sandblast                Erth           0%         2d4       100%        1
 Passwall                 Tmut/Erth      0%         N/A       100%        2
 Poisonous Vapours        Pois/Air       0%         N/A       100%        2
 Sublimation of Blood     Necr           0%         N/A       100%        2
 Call Canine Familiar     Summ           0%         N/A       100%        3
 Portal Projectile        Hex/Tloc       0%         N/A       100%        3
 Stone Arrow              Conj/Erth      0%         3d7       100%        3
 Corpse Rot               Necr/Pois/Air  0%         N/A       100%        4
 Hailstorm                Conj/Ice       0%         3d3       100%        4
 Leda's Liquefaction      Hex/Erth       0%         N/A       100%        4
 Petrify                  Tmut/Erth      0%         N/A       100%        4
 Alistair's Intoxication  Tmut/Pois      0%         N/A       100%        5
 Borgnjor's Vile Clutch   Necr/Erth      0%         N/A       100%        5
 Irradiate                Conj/Tmut      0%         3d11      100%        5
 Summon Forest            Summ/Tloc      0%         N/A       100%        5
 Conjure Ball Lightning   Conj/Air       0%         3x3d6     100%        6
 Dispersal                Tloc           0%         N/A       100%        6
 Eringya's Noxious Bog    Tmut/Pois      0%         N/A       100%        6
 Summon Hydra             Summ           0%         N/A       100%        7
 Discord                  Hex            0%         N/A       100%        8
 Disjunction              Tloc           0%         N/A       100%        8


Dungeon Overview and Level Annotations

Branches:
Dungeon (10/15)            Temple (1/1) D:6            Lair (5/5) D:8
 Shoals (0/4) Lair:2        Snake (0/4) Lair:2        Slime (0/5) Lair:5
    Orc (2/2) D:10            Elf (0/3) Orc:2         Sewer (visited)
 Bailey (visited)         Volcano (visited)

Altars:
Ashenzari
Cheibriados
Dithmenos
Elyvilon
Fedhas
Gozag
Hepliaklqana
Kikubaaqudgha
Makhleb
Nemelex Xobeh
Okawaru
Qazlal
Ru
Sif Muna
Trog
Uskayaw
Vehumet
Wu Jian
Xom
Yredelemnul
Zin
The Shining One
Jiyva

Shops:
D:1 *   D:6 !

Annotations:
D:6 3 runed translucent doors, IdlyInterested's ghost, novice DsFi


Innate Abilities, Weirdness & Mutations

Your life essence is reduced to manifest your ancestor. (-10% HP)
You have a pair of horns on your head.
You reflexively headbutt those who attack you in melee.


Message History

Khenut points at the death yak and mumbles some strange words.
The stone arrow hits the death yak!!
The death yak gores Khenut!
The death yak gores you but does no damage.
The death yak gores Khenut!
You strike the helpless death yak from behind!
You hit the death yak. You headbutt the death yak.
You kill the death yak!
You hit the death yak. You slice the death yak!!
You fade into invisibility!
The death yak gores Khenut!!
Khenut is destroyed!
The death yak gores you but does no damage.
The death yak barely misses you. You furiously retaliate!
You headbutt the death yak, but do no damage.
You slice the death yak!!
You headbutt the death yak, but do no damage.
You catch the helpless death yak completely off-guard!
You slice the death yak!!
The death yak gores you but does no damage. x2
Your +1 trident of freezing glows with a cold blue light!
q - a +1 trident of freezing (weapon)
The eight-headed hydra bites you but does no damage.
The eight-headed hydra bites you.
The eight-headed hydra bites you but does no damage. x4
The eight-headed hydra closely misses you.
The eight-headed hydra bites you.
The death yak gores you but does no damage.
You feel very mighty all of a sudden. The death yak gores you!!
* * * LOW HITPOINT WARNING * * *
The eight-headed hydra bites you but does no damage. x3
The eight-headed hydra barely misses you.
The eight-headed hydra bites you!
* * * LOW HITPOINT WARNING * * *
The eight-headed hydra bites you!
* * * LOW HITPOINT WARNING * * *
The eight-headed hydra bites you but does no damage. x2
The death yak gores you!
* * * LOW HITPOINT WARNING * * *
Unknown command.
As you read the scroll of fear, it crumbles to dust.
You assume a fearsome visage.
The black mamba looks frightened!
The five-headed hydra looks frightened!
The death yak resists with almost no effort.
The death yak looks frightened! x2
The eight-headed hydra resists with some effort.
The death yak barely misses you. The death yak gores you!
* * * LOW HITPOINT WARNING * * *
The death yak gores you!!
You die...

# ....... .# ...8... P### ..
....... .#.# ... .8...8. ..###
..####Y...... ....###
P...##....8...
......#####.<##.DYS.....
.....P....P..#.Y.#
.#...|......##..@#
###.........+.8..# . #
#.........#...## .. #
##.####.P.##.## #.# #R## #.[....#
#... ##### ##..#### ###
######...P .########..##
####P####.##.....P
..P.#.##..######.##.....##.<....#
............#R.................##


You could see 3 death yaks and a five-headed hydra (unable to see you, fleeing).

Vanquished Creatures
  Gastronok (Lair:3)
  The ghost of Ruacwi Epinn the Fighter, a journeyman MiBe of Trog (Orc:1)
  A shambling mangrove (Lair:5)
  3 hydras
  2 catoblepae
  4 two-headed ogres
  11 death yaks
  4 orc knights
  A deep elf zephyrmancer (Bailey)
  An orc sorcerer (Orc:2)
  6 elephants
  A black mamba (Lair:2)
  3 torpor snails
  A molten gargoyle (Volcano)
  2 gargoyles (Volcano)
  10 cane toads
  2 rime drakes
  10 komodo dragons
  A kobold demonologist (D:10)
  A troll (D:5)
  2 polar bears
  A merfolk (Lair:2)
  12 blink frogs
  3 dream sheep (Lair:2)
  A vampire (D:10)
  15 yaks
  5 wyverns
  2 basilisks
  2 steam dragons
  2 wargs (Orc:2)
  2 nagas (Lair:2)
  11 water moccasins
  8 orc warriors
  2 black bears
  An ice beast (D:6)
  An ogre (Orc:2)
  A sky beast (D:6)
  7 wolves (Lair:2)
  A centaur (D:9)
  5 phantoms
  A kobold brigand (D:5)
  3 necrophages
  13 bullfrogs
  7 wights (D:9)
  17 killer bees
  2 electric eels (Lair:2)
  2 howler monkeys
  A jelly (D:5)
  2 orc priests
  A hound (D:5)
  6 orc wizards
  A hell rat (Lair:2)
  Robin (D:2)
  16 adders
  7 gnolls
  3 ufetubi
  3 worms
  2 dart slugs
  41 orcs
  11 ball pythons
  17 endoplasms
  18 giant cockroaches
  16 goblins
  9 hobgoblins
  7 jackals
  15 kobolds
  11 quokkas
  7 bats
  9 frilled lizards (Sewer)
  7 rats
406 creatures vanquished.

Vanquished Creatures (collateral kills)
  The ghost of bwicke the Covert, a journeyman KoEn of Gozag (Lair:2)
  2 hydras
  A two-headed ogre (D:9)
  3 death yaks
  Maurice (D:9)
  A black mamba (Lair:3)
  2 elephants
  A torpor snail (Lair:2)
  A gargoyle (Volcano)
  5 cane toads
  3 komodo dragons
  A polar bear (Lair:2)
  12 blink frogs
  A dream sheep (Lair:2)
  4 wyverns
  9 yaks
  3 basilisks
  2 steam dragons
  5 water moccasins
  7 orc warriors
  A swamp drake (Orc:1)
  An ice beast (D:8)
  A black bear (D:6)
  6 wolves
  2 ogres
  7 bullfrogs
  7 wights
  A ballistomycete (Lair:5)
  8 killer bees
  A howler monkey (D:10)
  A crimson imp (D:8)
  A gnoll bouda (D:7)
  3 orc priests
  A hound (Lair:4)
  4 orc wizards
  4 gnolls
  An adder (D:6)
  A white imp (D:7)
  28 orcs
  3 goblins (D:2)
  A hobgoblin (D:2)
148 creatures vanquished.

Vanquished Creatures (others)
  A killer bee (D:9)
  An orc priest (Orc:2)
  12 battlemagi
  A gnoll (D:5)
  2 orcs
  A goblin (D:2)
  5 ballistomycete spores (Lair:5)
  11 fungi
  34 plants
68 creatures vanquished.

Grand Total: 622 creatures vanquished

Notes
Turn   | Place    | Note
-------+----------+-------------------------------------------
     0 | D:1      | Pooter the Minotaur Monk began the quest for the Orb.
     0 | D:1      | Reached XP level 1. HP: 19/19 MP: 0/0
   197 | D:1      | Found Beurghast's General Store.
   243 | D:1      | Reached skill level 4 in Axes
   250 | D:1      | Reached XP level 2. HP: 27/27 MP: 1/1
   413 | D:1      | Found a faded altar of an unknown god.
   846 | D:1      | Reached XP level 3. HP: 19/33 MP: 2/2
  1159 | D:2      | Reached skill level 5 in Axes
  1209 | D:2      | Identified the +0 leather armour of Amorality {rF+}
  1347 | D:2      | Reached XP level 4. HP: 41/41 MP: 3/3
  1434 | D:2      | Noticed Robin
  1443 | D:2      | Killed Robin
  1514 | D:3      | Found a basalt altar of Yredelemnul.
  1579 | D:3      | Found a glowing drain.
  1593 | Sewer    | Entered a sewer
  1676 | Sewer    | Reached skill level 1 in Ranged Weapons
  1751 | Sewer    | Reached XP level 5. HP: 45/47 MP: 4/4
  1902 | Sewer    | Reached skill level 6 in Axes
  1947 | Sewer    | Reached skill level 5 in Fighting
  2013 | Sewer    | Reached XP level 6. HP: 46/56 MP: 5/5
  2218 | D:3      | Found an iron altar of Okawaru.
  2412 | D:1      | Bought a scroll of magic mapping for 97 gold pieces
  2648 | D:1      | Bought a scroll of identify for 26 gold pieces
  3331 | D:4      | Reached skill level 7 in Axes
  3331 | D:4      | Reached skill level 1 in Evocations
  3533 | D:4      | Reached XP level 7. HP: 61/61 MP: 6/6
  3895 | D:4      | Found a snail-covered altar of Cheibriados.
  4047 | D:5      | Entered Level 5 of the Dungeon
  4830 | D:5      | Reached skill level 1 in Polearms
  4931 | D:5      | Reached skill level 5 in Ranged Weapons
  4968 | D:5      | Reached XP level 8. HP: 70/70 MP: 7/7
  5343 | D:6      | Noticed a troll
  5345 | D:6      | Reached skill level 8 in Axes
  5642 | D:5      | Killed a troll
  6209 | D:6      | Reached XP level 9. HP: 40/79 MP: 8/8
  6480 | D:6      | Found a staircase to the Ecumenical Temple.
  6489 | Temple   | Entered the Ecumenical Temple
  6494 | Temple   | Became a worshipper of Hepliaklqana the Forgotten
  6494 | Temple   | Reached * piety under Hepliaklqana
  6494 | Temple   | Reached ** piety under Hepliaklqana
  6495 | Temple   | Remembered your ancestor Khenut as a battlemage
  6521 | D:6      | Identified the +1 ring mail of Delightful Salvation {Will+}
  6675 | D:6      | Found a runed translucent gate.
  6676 | D:6      | Found a runed translucent gate.
  6676 | D:6      | Found an opulent altar of Gozag.
  6678 | D:6      | Found a runed translucent gate.
  6897 | D:1      | Bought a scroll of enchant weapon for 97 gold pieces
  6897 | D:1      | Bought a +1 trident of freezing for 172 gold pieces
  7026 | D:6      | Noticed a komodo dragon
  7026 | D:6      | Noticed IdlyInterested's ghost (novice DsFi)
  7135 | D:6      | Found Waun's Distillery.
  7354 | D:6      | Bought a potion of degeneration for 14 gold pieces
  7498 | D:7      | Found a white marble altar of Elyvilon.
  7560 | D:7      | Reached skill level 1 in Invocations
  7616 | D:7      | Found the +7 Throatcutter {drain, coup de grace}
  7944 | D:8      | Reached skill level 9 in Axes
  7962 | D:8      | Reached skill level 1 in Long Blades
  8057 | D:8      | Found a radiant altar of Vehumet.
  8102 | D:8      | Noticed a two-headed ogre
  8105 | D:8      | Reached skill level 5 in Polearms
  8187 | D:8      | Found a stormy altar of Qazlal.
  8187 | D:8      | Found a blossoming altar of Fedhas.
  8187 | D:8      | Found a hide-covered altar of Uskayaw.
  8217 | D:8      | Killed a two-headed ogre
  8218 | D:8      | Reached XP level 10. HP: 42/79 MP: 10/10
  8469 | D:6      | Bought a potion of heal wounds for 70 gold pieces
  8649 | D:8      | Reached *** piety under Hepliaklqana
  8664 | D:8      | Found a glowing golden altar of the Shining One.
  8782 | D:8      | Found a burning altar of Makhleb.
  9293 | D:8      | Found a staircase to the Lair.
  9414 | D:9      | Noticed Maurice
  9421 | D:9      | Killed Maurice
  9422 | D:9      | Reached skill level 5 in Evocations
  9716 | D:9      | Reached skill level 10 in Axes
 10228 | D:9      | Noticed a two-headed ogre
 10233 | D:9      | Killed a two-headed ogre
 10234 | D:9      | Reached XP level 11. HP: 87/87 MP: 11/13
 10290 | D:9      | Noticed a two-headed ogre
 10306 | D:9      | Killed a two-headed ogre
 10397 | D:9      | Reached skill level 11 in Axes
 10414 | D:9      | Reached skill level 10 in Ranged Weapons
 10503 | D:6      | Bought a potion of resistance for 140 gold pieces
 10856 | D:9      | Found a bloodstained altar of Trog.
 10940 | D:10     | Entered Level 10 of the Dungeon
 10958 | D:10     | Found a flagged portal.
 10965 | Bailey   | Entered a bailey
 11040 | Bailey   | Noticed an orc knight
 11047 | Bailey   | Killed an orc knight
 11276 | Bailey   | Found a large runed translucent door.
 11276 | Bailey   | Found a large runed translucent door.
 11277 | Bailey   | Noticed a deep elf zephyrmancer
 11329 | Bailey   | Killed a deep elf zephyrmancer
 11512 | D:10     | Reached **** piety under Hepliaklqana
 11593 | D:10     | Noticed a seven-headed hydra
 11598 | D:10     | Reached skill level 5 in Invocations
 11708 | D:10     | Found a staircase to the Orcish Mines.
 11717 | D:10     | Noticed a two-headed ogre
 11723 | D:10     | Killed a two-headed ogre
 11724 | D:10     | Reached skill level 10 in Fighting
 11724 | D:10     | Reached skill level 12 in Axes
 12320 | D:10     | Noticed a two-headed ogre
 12515 | D:10     | Killed a ten-headed hydra
 12797 | D:10     | Killed a two-headed ogre
 12916 | Orc:1    | Entered Level 1 of the Orcish Mines
 12965 | Orc:1    | Noticed Ruacwi Epinn's ghost (journeyman MiBe)
 13009 | Orc:1    | Found a runed translucent door.
 13406 | Orc:1    | Killed Ruacwi Epinn's ghost
 13528 | Orc:2    | Entered Level 2 of the Orcish Mines
 13528 | Orc:2    | Found a staircase to the Elven Halls.
 13528 | Orc:2    | Found a burning altar of Makhleb.
 13534 | Orc:2    | Reached XP level 12. HP: 97/97 MP: 15/15
 13608 | Orc:2    | Reached skill level 13 in Axes
 14225 | Lair:1   | Entered Level 1 of the Lair of Beasts
 14225 | Lair:1   | Reached ***** piety under Hepliaklqana
 14593 | D:6      | Bought a potion of haste for 140 gold pieces
 14593 | D:6      | Bought 2 potions of heal wounds for 140 gold pieces
 14593 | D:6      | Bought a potion of heal wounds for 70 gold pieces
 14593 | D:6      | Bought a potion of berserk rage for 70 gold pieces
 14593 | D:6      | Bought a potion of haste for 140 gold pieces
 14871 | Lair:1   | Noticed a death yak
 14871 | Lair:1   | Noticed a death yak
 14872 | Lair:1   | Noticed a death yak
 14873 | Lair:1   | Noticed a death yak
 14874 | Lair:1   | Noticed a death yak
 14882 | Lair:1   | Killed a death yak
 14883 | Lair:1   | Reached skill level 14 in Axes
 14884 | Lair:1   | Killed a death yak
 14884 | Lair:1   | Killed a death yak
 14889 | Lair:1   | Killed a death yak
 14895 | Lair:1   | Killed a death yak
 15841 | Lair:2   | Reached skill level 15 in Axes
 15849 | Lair:2   | Reached XP level 13. HP: 85/105 MP: 17/17
 16074 | Lair:2   | Got the Teachings on the Dislocated Blizzard
 17009 | Lair:2   | Found a staircase to the Shoals.
 17031 | Lair:2   | Reached skill level 16 in Axes
 17500 | Lair:2   | Found a runed translucent door.
 17500 | Lair:2   | Noticed bwicke's ghost (journeyman KoEn)
 17721 | Lair:2   | Killed bwicke's ghost
 17790 | Lair:2   | Found a staircase to the Snake Pit.
 17886 | Lair:2   | Found an ornate altar of the Wu Jian Council.
 18749 | Lair:3   | Noticed Gastronok
 18763 | Lair:3   | Killed Gastronok
 19151 | Lair:3   | Reached XP level 14. HP: 61/116 MP: 19/19
 19464 | Lair:3   | Reached skill level 17 in Axes
 20319 | Lair:4   | Found a dark tunnel.
 20328 | Volcano  | Entered a volcano
 20765 | Lair:4   | Reached ****** piety under Hepliaklqana
 21581 | Lair:5   | Entered Level 5 of the Lair of Beasts
 21846 | Lair:5   | Found a staircase to the Slime Pits.
 21931 | Lair:5   | Found a viscous altar of Jiyva.
 22258 | Lair:5   | Mangled by a death yak

Illustrated notes

Levels and vault maps discovered:
D:1:      roderic_chinese_lattice_arrival, layout_loops_corners, serial_shops,
          nicolae_shop_trees, shapermc_ecumenical_altar_acropolis, st_stairs_10,
          nrook_uturn
D:2:      layout_rooms, uniq_robin
D:3:      layout_rooms, old_standard_altar, mainiacjoe_overflow_small_starburst,
          portal_sewer_entry_e
D:4:      minmay_razor_zed, layout_loops_ring, lemuel_round_altar
D:5:      layout_layer_cave
D:6:      hangedman_cross_stitches, layout_loops_ring,
          minmay_temple_entry_antechambers, ebering_ghost_gozag,
          kennysheep_windowed_goal
D:7:      layout_cave_pools, elyvilon_altar_5, chequers_jeans
D:8:      layout_cave_pools, mainiacjoe_overflow_six_doors_small,
          nicolae_vehumet_radiance, makhleb_grotto_becter,
          gammafunk_temple_overflow_claw, erik_lair_dragon
D:9:      layout_roguey, general_overflow_altar, special_room
          [special_room_orc], uniq_maurice
D:10:     minmay_clustersquares, layout_irregular_city, orc_0_dummy,
          enter_bailey_7
Temple:   minmay_freezing_vapour_temple
Lair:1:   layout_cave_pods
Lair:2:   nzn_winding_woodlands_huge [nzn_winding_woodlands_5x15_garden,
          nzn_winding_woodlands_5x15_pockets, nzn_winding_woodlands_5x15_zeroes,
          nzn_winding_woodlands_5x15_concentric,
          nzn_winding_woodlands_5x15_sidewinder,
          nzn_winding_woodlands_5x15_parted, nzn_winding_woodlands_5x15_jagged,
          nzn_winding_woodlands_5x15_pathside_ponds,
          nzn_winding_woodlands_5x15_crooked,
          nzn_winding_woodlands_5x15_lazy_stream,
          nzn_winding_woodlands_center_lodge,
          nzn_winding_woodlands_center_garden,
          nzn_winding_woodlands_15x15_eel_pit], layout_chaotic_city,
          elwin_shoals_entry_rooms, guppyfry_snake_entry_garden, basic_altar,
          gammafunk_ghost_grave, st_stairs_4, infiniplex_staircase_pool_2
Lair:3:   layout_cave_pods, uniq_gastronok
Lair:4:   layout_big_grid, enter_volcano_2
Lair:5:   evilmike_catoblepas_cave, layout_concentric_octagons,
          minmay_slime_entry_oklob_enclosed, grunt_megastairs_4
Orc:1:    layout_diamond_mine, hellmonk_ghost_happy_afterlife, basic_altar
Orc:2:    kennysheep_orc_mage_school, layout_caves, basic_altar

Skill      XL: |  1  2  3  4  5  6  7  8  9 10 11 12 13 14 |
---------------+-------------------------------------------+-----
Axes           | 4 5 6 7 8 9 10 12 15 16 17 | 17.9
Fighting       | 4 5 6 7 8 9 10 11 13 | 13.8
Ranged Weapons | 1 3 5 7 8 9 10 12 13 | 13.6
Evocations     | 1 2 3 4 5 |  5.1
Polearms       | 1 3 5 6 |  6.0
Invocations    | 2 4 6 7 9 |  9.9
Long Blades    | 2 3 |  3.6
Dodging        | |  3.2
Stealth        | |  1.5

Action                   |  1- 3 |  4- 6 |  7- 9 | 10-12 | 13-15 || total
-------------------------+-------+-------+-------+-------+-------++-------
Melee: Hand axe          |    66 |   139 |       |       |       ||   205
       Headbutt          |    13 |    15 |    32 |    47 |    63 ||   170
       Halberd           |       |    11 |   214 |    24 |       ||   249
       Punch             |       |     1 |       |       |       ||     1
       Battleaxe         |       |       |       |   251 |   260 ||   511
       Trident           |       |       |       |       |    13 ||    13
 Fire: Sling             |       |   135 |    62 |    45 |       ||   242
Throw: Stone             |    13 |    17 |     8 |     1 |       ||    39
       Dart              |       |     4 |    13 |    21 |       ||    38
       Boomerang         |       |       |     1 |    49 |     7 ||    57
       Javelin           |       |       |       |       |     3 ||     3
Invok: Ancestor Life: Ba |       |       |     1 |       |       ||     1
       Recall Ancestor   |       |       |       |     1 |       ||     1
Evoke: Wand              |       |       |     6 |     5 |     9 ||    20
       Box of beasts     |       |       |       |     1 |       ||     1
  Use: Scroll            |     2 |     6 |    10 |    16 |     2 ||    36
       Potion            |       |       |     3 |     9 |     4 ||    16
 Stab: Sleeping          |     2 |     1 |     2 |       |       ||     5
       Distracted        |       |       |       |     3 |    10 ||    13
       Invisible         |       |       |       |     1 |     1 ||     2
Armor: Robe              |    12 |       |       |       |       ||    12
       Leather armour    |     5 |    76 |    15 |       |       ||    96
       Skin              |       |       |    79 |       |       ||    79
       Chain mail        |       |       |   141 |    53 |       ||   194
       Plate armour      |       |       |       |   135 |   213 ||   348
Dodge: Dodged            |    44 |   118 |   104 |   101 |    70 ||   437

Table legend: (Time is in decaauts)
 A = Elapsed time spent in this place.
 B = Non-inter-level travel time spent in this place.
 C = Inter-level travel time spent in this place.
 D = Time resting spent in this place.
 E = Time spent auto-exploring this place.
 F = Levels seen in this place.
 G = Mean time per level.
                   A        B        C        D        E       F      G
               +--------+--------+--------+--------+--------+-----+--------+
         Total |  22470 |  20949 |   1521 |   6285 |  10196 |  21 | 1070.0 |
       Dungeon |  12423 |  11040 |   1383 |   2998 |   5555 |  10 | 1242.3 |
        Temple |     20 |     20 |      0 |      9 |      0 |   1 |   20.0 |
          Lair |   7483 |   7376 |    107 |   2429 |   4003 |   5 | 1496.6 |
  Orcish Mines |   1167 |   1136 |     31 |    444 |    277 |   2 |  583.5 |
         Sewer |    572 |    572 |      0 |     15 |    279 |   1 |  572.0 |
        Bailey |    479 |    479 |      0 |    218 |     81 |   1 |  479.0 |
       Volcano |    322 |    322 |      0 |    172 |      0 |   1 |  322.0 |
               +--------+--------+--------+--------+--------+-----+--------+

Top non-repeatable levels by time:
  Lair:2: 2610 daAuts
     D:5: 1731 daAuts
     D:8: 1665 daAuts
  Lair:3: 1635 daAuts
     D:4: 1615 daAuts
    D:10: 1563 daAuts
     D:9: 1458 daAuts
  Lair:4: 1366 daAuts
     D:6: 1317 daAuts
  Lair:1: 1197 daAuts
     D:1: 1157 daAuts
     D:3: 733 daAuts
  Lair:5: 673 daAuts
     D:7: 632 daAuts
   Orc:1: 626 daAuts
